 Dungeon Crawl Stone Soup version 0.31.0-32-g396128a36d (webtiles) character file.

Game seed: 11393120059219129363

63 601d51SH the Grasshopper (level 4, 0/38 HPs)
             Began as a Gnoll Warper on Mar 31, 2024.
             Succumbed to a scorpion's poison
             ... on level 4 of the Dungeon.
             The game lasted 00:03:33 (1694 turns).

601d51SH the Grasshopper (Gnoll Warper)             Turns: 1694, Time: 00:03:33

Health: 0/38       AC:  3    Str: 13    XL:     4   Next: 9%
Magic:  11/11      EV: 12    Int: 12    God:
Gold:   112        SH:  4    Dex: 11    Spells: 13/13 levels left

rFire   . . .        a - +0 spear
rCold   . . .        i - +0 buckler
rNeg    . . .        b - +0 leather armour
rPois   .            (no helmet)
rElec   .            (no cloak)
rCorr   .            (no gloves)
SInv    .            (no boots)
Will    .....        (no amulet)
Stlth   +            (no ring)
HPRegen 0.26/turn    (no ring)
MPRegen 0.12/turn

%: no passive effects
@: lethally poisoned (0 -> -10)
A: fangs 1, strong nose, distributed training
a: no special abilities


You were on level 4 of the Dungeon.
You visited 2 branches of the dungeon, and saw 4 of its levels.

You collected 112 gold pieces.

Inventory:

Hand Weapons
 a - a +0 spear (weapon)
Missiles
 d - 7 darts of dispersal (quivered)
Armour
 b - a +0 leather armour (worn)
 i - a +0 buckler (worn)
 p - a +0 robe of fire resistance
Jewellery
 o - a ring of positive energy
Wands
 q - a wand of roots (11)
Scrolls
 c - a scroll of blinking
 e - a scroll of noise {unknown}
 f - 2 scrolls of silence {unknown}
 j - a scroll of teleportation {unknown}
 l - 4 scrolls of identify {unknown}
Potions
 g - a potion of heal wounds {unknown}
 h - a potion of curing {unknown}
 k - a potion of haste {unknown}
 m - a potion of attraction {unknown}
 n - 2 potions of degeneration {unknown}


   Skills:
 + Level 4.6 Fighting
 + Level 1.1 Short Blades
 + Level 1.1 Long Blades
 + Level 1.1 Axes
 + Level 1.1 Maces & Flails
 + Level 4.6 Polearms
 + Level 1.1 Staves
 + Level 1.1 Ranged Weapons
 + Level 2.7 Throwing
 + Level 2.7 Armour
 + Level 4.6 Dodging
 + Level 1.1 Stealth
 + Level 1.1 Shields
 + Level 1.1 Unarmed Combat
 + Level 5.0 Spellcasting
 + Level 0.8 Conjurations
 + Level 0.8 Hexes
 + Level 0.8 Summonings
 + Level 0.8 Necromancy
 + Level 5.4 Translocations
 + Level 0.8 Fire Magic
 + Level 0.8 Ice Magic
 + Level 0.8 Air Magic
 + Level 0.8 Earth Magic
 + Level 0.8 Alchemy
 + Level 1.2 Invocations
 + Level 1.1 Evocations
 + Level 1.0 Shapeshifting


You had 13 spell levels left.
You didn't know any spells.
Your spell library contained the following spells:

 Spells                   Type           Power      Damage    Failure   Level
 Blink                    Tloc           32%        N/A       5%          2
 Lesser Beckoning         Tloc           32%        N/A       5%          2
 Teleport Other           Tloc           16%        N/A       11%         3
 Mercury Vapours          Alch/Air       10%        N/A       36%         2
 Manifold Assault         Tloc           16%        N/A       36%         4
 Hailstorm                Conj/Ice       5%         3d5       58%         3
 Mephitic Cloud           Conj/Alch/Air  5%         N/A       58%         3
 Summon Ice Beast         Ice/Summ       5%         N/A       58%         3
 Vhi's Electric Charge    Tloc/Air       20%        N/A       67%         4
 Freezing Cloud           Conj/Ice/Air   2%         6-21      100%        5
 Sculpt Simulacrum        Ice/Alch       2%         N/A       100%        6


Dungeon Overview and Level Annotations

Branches:
Dungeon (4/15)             Temple (1/1) D:4

Altars:
Ashenzari
Gozag
Makhleb
Nemelex Xobeh
Okawaru
Qazlal
Ru
Sif Muna
Trog
Uskayaw
Vehumet
Wu Jian
Xom
Yredelemnul

Shops:
D:4 (


Innate Abilities, Weirdness & Mutations

You have very sharp teeth.
Your uncanny sense of smell can sniff out nearby items.
Your experience applies equally to all skills.


Message History

Your Shields skill increases to level 1!
Your Unarmed Combat skill increases to level 1!
Your Evocations skill increases to level 1!
Your Shapeshifting skill increases to level 1!
You have reached level 4!
You feel stronger.
Reach: a) +0 spear
Press: ? - help, Dir - move target, f - scorpion
Aim: a scorpion (about 37% to evade your +0 spear)
You hit the scorpion but do no damage. Your bite misses the scorpion.
The scorpion closely misses you.
Reach: a) +0 spear
Press: ? - help, Dir - move target, f/p - scorpion
Aim: a scorpion (about 37% to evade your +0 spear)
You hit the scorpion.
The scorpion is lightly wounded.
The scorpion stings you.
* * * LOW HITPOINT WARNING * * *
Reach: a) +0 spear
Press: ? - help, Dir - move target, f/p - scorpion
Aim: a scorpion (lightly wounded, about 37% to evade your +0 spear)
You hit the scorpion but do no damage. Your bite misses the scorpion.
The scorpion is lightly wounded.
The scorpion stings you.
* * * LOW HITPOINT WARNING * * *
Reach: a) +0 spear
Press: ? - help, Dir - move target, f/p - scorpion
Aim: a scorpion (lightly wounded, about 37% to evade your +0 spear)
You closely miss the scorpion.
The scorpion is lightly wounded.
The scorpion stings you.
* * * LOW HITPOINT WARNING * * *
You are lethally poisoned!
The scorpion poisons you!
Reach: a) +0 spear
Press: ? - help, Dir - move target, f/p - scorpion
Aim: a scorpion (lightly wounded, about 37% to evade your +0 spear)
You hit the scorpion.
The scorpion is lightly wounded.
You die...

#.. #.....#...#..#.#
..# #.....#...#..#.#
#.##.....#.).#[...#
#.#.....#...#....##
#.##...#...#.....#
##.##..#...#.....# #
##.####...#.....######
##.###...#.....).....
##.@#...#..#######..
##s#...#### ######.
..#...# ##...##.
...##'## ##......#
....##_# #........
#....#### #........
#..... #........
#..... #........
#........


You could see a scorpion.

Vanquished Creatures
  Natasha (D:4)
  A gnoll (D:4)
  A ribbon worm (D:2)
  An orc (D:4)
  2 endoplasms (D:1)
  3 giant cockroaches
  2 goblins (D:1)
  3 hobgoblins
  A quokka (D:1)
  3 ball pythons
  A bat (D:1)
  A frilled lizard (D:1)
  3 kobolds (D:4)
23 creatures vanquished.

Notes
Turn   | Place    | Note
-------+----------+-------------------------------------------
     0 | D:1      | 601d51SH the Gnoll Warper began the quest for the Orb.
     0 | D:1      | Reached XP level 1. HP: 20/20 MP: 6/6
   204 | D:1      | Reached XP level 2. HP: 18/26 MP: 7/7
   697 | D:2      | You fall into a shaft and drop 2 floors!
   697 | D:4      | Found a hide-covered altar of Uskayaw.
   863 | D:4      | Found a staircase to the Ecumenical Temple.
   869 | Temple   | Entered the Ecumenical Temple
  1226 | D:4      | Reached skill level 5 in Spellcasting
  1226 | D:4      | Reached XP level 3. HP: 31/31 MP: 7/9
  1461 | D:4      | Found Usaideti's Antique Weapon Boutique.
  1572 | D:4      | Reached skill level 1 in Invocations
  1657 | D:4      | Found a shimmering blue altar of Sif Muna.
  1679 | D:4      | Noticed Natasha
  1679 | D:4      | Noticed a scorpion
  1689 | D:4      | Killed Natasha
  1690 | D:4      | Reached skill level 1 in Short Blades
  1690 | D:4      | Reached skill level 1 in Long Blades
  1690 | D:4      | Reached skill level 1 in Axes
  1690 | D:4      | Reached skill level 1 in Maces & Flails
  1690 | D:4      | Reached skill level 1 in Staves
  1690 | D:4      | Reached skill level 1 in Ranged Weapons
  1690 | D:4      | Reached skill level 1 in Stealth
  1690 | D:4      | Reached skill level 1 in Shields
  1690 | D:4      | Reached skill level 1 in Unarmed Combat
  1690 | D:4      | Reached skill level 1 in Evocations
  1690 | D:4      | Reached skill level 1 in Shapeshifting
  1690 | D:4      | Reached XP level 4. HP: 13/38 MP: 11/11
  1694 | D:4      | Succumbed to a scorpion's poison

Illustrated notes

Levels and vault maps discovered:
D:1:      dreamdust_arrival_beginning_and_end, layout_rooms
D:2:      layout_loops_cross
D:4:      layout_cave_pods, eat_drink_and_be_merry_uskayaw,
          lemuel_blue_sif_altar, minmay_temple_entry_fiery, serial_shops,
          nicolae_shop_hallway_plus, kennysheep_potato, uniq_natasha
Temple:   minmay_temple_forest_path

Skill      XL: |  1  2  3 |
---------------+----------+-----
Spellcasting   | 5 |  5.0
Invocations    | 1 |  1.2
Short Blades   | 1 |  1.1
Long Blades    | 1 |  1.1
Axes           | 1 |  1.1
Maces & Flails | 1 |  1.1
Staves         | 1 |  1.1
Ranged Weapons | 1 |  1.1
Stealth        | 1 |  1.1
Shields        | 1 |  1.1
Unarmed Combat | 1 |  1.1
Evocations     | 1 |  1.1
Shapeshifting  | 1 |  1.0
Fighting       | |  4.6
Polearms       | |  4.6
Throwing       | |  2.7
Armour         | |  2.7
Dodging        | |  4.6
Conjurations   | |  0.8
Hexes          | |  0.8
Summonings     | |  0.8
Necromancy     | |  0.8
Translocations | |  5.4
Fire Magic     | |  0.8
Ice Magic      | |  0.8
Air Magic      | |  0.8
Earth Magic    | |  0.8
Alchemy        | |  0.8

Action                     |  1- 3 |  4- 6 || total
---------------------------+-------+-------++-------
  Melee: Spear             |   147 |     5 ||   152
         Bite              |    15 |       ||    15
         Punch             |     1 |       ||     1
 Armour: Leather armour    |    42 |     3 ||    45
  Dodge: Dodged            |    53 |     1 ||    54
  Block: Buckler           |    10 |       ||    10
